 Dungeon Crawl Stone Soup version 0.26-a0-682-g294304f6e8 (webtiles) character file.

Game seed: 14744291506657146166

69606 Birvald the Geomancer (level 15, -3/92 HPs)
             Began as a Gargoyle Earth Elementalist on Oct 20, 2020.
             Was a High Priest of Vehumet.
             Slain by a boulder beetle (44 damage)
             ... on level 4 of the Lair of Beasts.
             The game lasted 01:09:34 (25946 turns).

Birvald the Geomancer (GrEE)                       Turns: 25946, Time: 01:09:35

Health: -3/92      AC: 24    Str: 16    XL:     15   Next: 30%
Magic:  18/40      EV: 15    Int: 33    God:    Vehumet [*****.]
Gold:   1488       SH:  0    Dex: 10    Spells: 6/33 levels left

rFire    + . .     SeeInvis .   J - +4 flail
rCold    + . .     Faith    .   (no shield)
rNeg     + . .     Spirit   .   G - +2 robe {rC+ rF+}
rPois    ∞         Reflect  .   y - +2 hat
rElec    +         Harm     .   R - +2 cloak {Stlth+}
rCorr    .         Rampage  .   (no gloves)
MR       +....                  j - +2 pair of boots
Stlth    ++........             (no amulet)
HPRegen  0.25/turn              d - +6 ring of intelligence
MPRegen  0.27/turn              Q - ring "Pezech" {MP+9 Str+3 Int+6}

@: flying
A: big wings, hooves 1, high mp 1, negative energy resistance 1, electricity
resistance, unbreathing, petrification resistance, rot immunity, AC +11
a: Stop Flying, Renounce Religion


You were on level 4 of the Lair of Beasts.
You worshipped Vehumet.
Vehumet was extremely pleased with you.
You visited 3 branches of the dungeon, and saw 19 of its levels.
You also visited: Gauntlet and Ice Cave.

You collected 1488 gold pieces.

Inventory:

Hand Weapons
 x - a +0 morningstar of draining
 J - a +4 flail (weapon)
Missiles
 b - 495 stones (quivered)
 H - a throwing net
Armour
 j - a +2 pair of boots (worn)
 y - a +2 hat (worn)
 G - a +2 robe of resistance (worn)
 R - a +2 cloak of stealth (worn)
Magical Staves
 S - an uncursed staff of fire
Jewellery
 d - a +6 ring of intelligence (left hand)
 k - an uncursed ring of protection from fire
 m - an uncursed ring of resist corrosion
 v - an uncursed ring of protection from fire
 Q - the ring "Pezech" (right hand) {MP+9 Str+3 Int+6}
   (You found it in a Gauntlet)

   [ring of intelligence]

   It affects your strength (+3).
   It affects your intelligence (+6).
   It affects your magic capacity (+9).
Wands
 g - a wand of acid (11)
 p - a wand of digging (28)
 s - a wand of random effects (29)
 t - a wand of paralysis (20)
 D - a wand of flame (15)
 K - a wand of iceblast (2)
 O - a wand of polymorph (16)
Scrolls
 a - 3 scrolls of fog
 c - 5 scrolls of identify
 e - a scroll of brand weapon
 f - 2 scrolls of blinking
 h - 7 scrolls of amnesia
 r - 5 scrolls of remove curse
 w - 3 scrolls of teleportation
 L - 2 scrolls of fear
 M - a scroll of immolation
Potions
 i - 5 potions of might
 l - a potion of flight
 o - 9 potions of curing
 q - a potion of brilliance
 u - 5 potions of lignification
 z - 2 potions of resistance
 C - 2 potions of berserk rage
 N - 4 potions of heal wounds
Miscellaneous
 n - a box of beasts (3/3)
 A - a tin of tremorstones (3/3)
 B - a phantom mirror


   Skills:
 + Level 10.1 Fighting
 + Level 9.6 Maces & Flails
 - Level 6.0 Armour
 + Level 8.0 Dodging
 - Level 2.1 Stealth
 + Level 9.8 Spellcasting
 + Level 11.1 Conjurations
 - Level 0.7 Transmutations
 * Level 7.1 Fire Magic
 + Level 12.7 Earth Magic
 + Level 7.7 Evocations


You had 6 spell levels left.
You knew the following spells:

 Your Spells              Type           Power        Failure   Level
a - Sandblast             Erth           ######       0%          1
b - Stone Arrow           Conj/Erth      ######       1%          3
c - Lee's Rapid Deconstr  Erth           #######...   1%          5
d - Iron Shot             Conj/Erth      #######...   1%          6
e - Bolt of Magma         Conj/Fire/Erth ######....   1%          5
f - Passwall              Tmut/Erth      ######..     1%          2
g - Fireball              Conj/Fire      ######....   1%          5

Your spell library contained the following spells:

 Spells                   Type           Power        Failure   Level
 Conjure Ball Lightning   Conj/Air       ######....   12%         6
 Freeze                   Ice            ###.         1%          1
 Magic Dart               Conj           ####         1%          1
 Shock                    Conj/Air       ####         1%          1
 Searing Ray              Conj           ######       1%          2
 Dazzling Flash           Conj/Hex       ######       1%          3
 Inner Flame              Hex/Fire       #####...     1%          3
 Static Discharge         Conj/Air       ######..     1%          3
 Fulminant Prism          Conj/Hex       ######....   1%          4
 Hailstorm                Conj/Ice       ######..     1%          4
 Iskenderun's Mystic Bla  Conj/Tloc      ######..     1%          4
 Leda's Liquefaction      Hex/Erth       ######....   1%          4
 Petrify                  Tmut/Erth      ######..     1%          4
 Iskenderun's Battlesphe  Conj           ######..     1%          5
 Beastly Appendage        Tmut           ###...       2%          1
 Frozen Ramparts          Ice            ###...       2%          3
 Lightning Bolt           Conj/Air       ######....   2%          5
 Animate Skeleton         Necr           ###...       3%          1
 Apportation              Tloc           ###...       3%          1
 Corona                   Hex            ###....      3%          1
 Summon Small Mammal      Summ           ###.         3%          1
 Wereblood                Tmut           ###.....     3%          2
 Ensorcelled Hibernation  Hex/Ice        ###...       4%          2
 Slow                     Hex            ###.....     4%          2
 Swiftness                Air            ###.....     4%          2
 Borgnjor's Vile Clutch   Necr/Erth      ######....   6%          5
 Spider Form              Tmut/Pois      ###.......   8%          3
 Airstrike                Air            ###.......   8%          4
 Confusing Touch          Hex            ###.....     9%          3
 Lesser Beckoning         Tloc           ###.......   9%          3
 Ozocubu's Armour         Ice            ###.....     9%          3
 Portal Projectile        Hex/Tloc       ###...       9%          3
 Tukima's Dance           Hex            ###.....     9%          3
 Ice Form                 Ice/Tmut       ###.....     26%         4
 Animate Dead             Necr           ###.......   28%         4
 Cause Fear               Hex            ###.......   28%         4
 Passage of Golubria      Tloc           N/A          28%         4
 Summon Ice Beast         Ice/Summ       ###.....     28%         4
 Blade Hands              Tmut           ###.......   52%         5
 Alistair's Intoxication  Tmut/Pois      ###......    56%         5
 Excruciating Wounds      Necr           ###.......   63%         5
 Silence                  Hex/Air        ###.......   63%         5
 Summon Mana Viper        Hex/Summ       ###.....     63%         5
 Death Channel            Necr           ###.......   99%         6
 Invisibility             Hex            ###.....     99%         6
 Simulacrum               Ice/Necr       ###.......   99%         6
 Orb of Destruction       Conj           ######....   7%          7
 Spellforged Servitor     Conj/Summ      ######....   50%         7
 Dragon Form              Tmut           ###.......   100%        7
 Discord                  Hex            ###.......   100%        8


Dungeon Overview and Level Annotations

Branches:
Dungeon (14/15)            Temple (1/1) D:5            Lair (4/6) D:10
  Swamp (0/4) Lair:2       Spider (0/4) Lair:2          Orc (0/2) D:12
 Vaults (0/5) D:13          IceCv (visited)         Gauntlet (visited)

Altars:
Ashenzari
Cheibriados
Dithmenos
Elyvilon
Fedhas
Gozag
Hepliaklqana
Kikubaaqudgha
Makhleb
Nemelex Xobeh
Okawaru
Qazlal
Ru
Sif Muna
Trog
Uskayaw
Vehumet
Wu Jian
Xom
Yredelemnul
Zin
The Shining One
Beogh
Jiyva

Annotations:
D:6 3 runed translucent doors, Efficiency's ghost, weakling DDDe


Innate Abilities, Weirdness & Mutations

You are resistant to torment.
Your stone body is resilient. (AC +11)
You are immune to poison.
Your large and strong wings let you fly indefinitely.
You resist negative energy. (rN+)
You are resistant to electric shocks. (rElec)
You can survive without breathing.
You are immune to petrification.
You are immune to rotting.
You have large cloven feet.
You have an increased reservoir of magic. (+10% MP)


Message History

Aiming: Iron Shot (dangerous; 1% risk of failure)
Press: ? - help, Shift-Dir - straight line, f - bullfrog
Aim: a bullfrog (severely wounded)
The iron shot misses the bullfrog.
The bullfrog hits you but does no damage.
The boulder beetle barely misses you. The bullfrog hits you!
Unknown command.
Casting: Iron Shot (dangerous; 1% risk of failure)
Confirm with . or Enter, or press ? or * to list all spells.
Aiming: Iron Shot (dangerous; 1% risk of failure)
Press: ? - help, Shift-Dir - straight line, f/p - bullfrog
Aim: a bullfrog (severely wounded)
The iron shot hits the bullfrog!!!
You kill the bullfrog!
Vehumet accepts your kill.
The boulder beetle blinks!
The boulder beetle curls into a ball and begins rolling!
You hit the boulder beetle but do no damage.
The boulder beetle hits you!!!
You die...

##### #... ##..# #.
.#P.# ..# ##.####.
...[.. ..#### #...##..
...P.# # .....##
#....#.. ..... ..
#####..[.## ##......
....
...##...#.....####..###.
#..##
..°°.......##..##..## ##
....##..
#...°...†.......#..# #
P.......
.....°B@.........#.## #
..##
....⌠...⌠...#..#....#
...#
...................##
#.###
.#).#...##....##...#
..#.##
.....#.##....###..##
.....# #...... ...#.#
#..# #..#.#
####.....####..#..#
#.##.###P.. ##.+#
#P#......# #.....PP....
#...##...#.#...# #


You could see a boulder beetle.

Vanquished Creatures
  Gastronok (Lair:3)
  Agnes (D:14)
  A frost giant (IceCv)
  A minotaur (Gauntlet)
  Snorg (Lair:3)
  Fannar (D:10)
  8 vault guards (D:13)
  3 hydras
  A boulder beetle (D:13)
  A catoblepas (Lair:2)
  A two-headed ogre (D:7)
  6 death yaks
  Sonja (Lair:3)
  4 skeletal warriors (D:12)
  5 unseen horrors
  A manticore (D:11)
  3 ugly things
  2 ice statues
  An elephant (shapeshifter) (D:14)
  Psyche (D:8)
  Maurice (D:11)
  A centaur zombie (D:14)
  2 torpor snails (Lair:2)
  2 gargoyles (D:13)
  7 cane toads
  A molten gargoyle (Lair:3)
  A kobold demonologist (D:7)
  4 rime drakes
  An efreet (D:14)
  8 komodo dragons
  13 polar bears
  3 meliai (D:12)
  3 trolls
  A hornet (D:11)
  7 slime creatures
  2 bog bodies (Lair:2)
  11 blink frogs
  3 centaur simulacra (Gauntlet)
  2 shadows (D:12)
  A redback (Lair:2)
  3 wyverns (Lair:4)
  2 fire bats (Lair:3)
  75 yaks
  2 basilisks
  3 vampire mosquitoes
  8 water moccasins
  2 black bears
  5 orc warriors
  3 ice beasts
  3 sky beasts
  An ice dragon simulacrum (Gauntlet)
  An eye of draining (shapeshifter) (D:14)
  6 phantoms
  6 ogres
  2 eyes of draining
  17 wolves (IceCv)
  16 centaurs
  2 big kobolds
  22 bullfrogs
  A wyvern zombie (D:14)
  A gnoll sergeant (D:5)
  5 scorpions
  A water moccasin zombie (D:8)
  21 killer bees
  11 wights
  7 howler monkeys
  2 jellies
  2 quasits
  12 orc priests
  5 hounds
  5 bullfrog zombies
  6 centaur skeletons
  16 orc wizards
  3 bullfrog skeletons
  2 iguanas
  11 worker ants
  8 ogre zombies (D:12)
  A hound skeleton (D:5)
  2 worker ant zombies
  2 gnolls (D:5)
  An adder (shapeshifter) (D:14)
  A river rat (D:4)
  5 adders
  A shadow imp (D:5)
  2 ufetubi
  An ooze (D:4)
  2 adder zombies (D:7)
  7 worms
  A dart slug (D:3)
  7 leopard geckos
  53 orcs
  2 ball pythons
  8 giant cockroaches
  7 goblins
  8 hobgoblins
  25 jackals
  24 kobolds
  3 quokkas
  9 bats
  5 frilled lizards
  A goblin skeleton (D:12)
  A goblin zombie (D:12)
  A hobgoblin skeleton (D:12)
  2 hobgoblin zombies (D:12)
  A leopard gecko skeleton (D:7)
  4 orc skeletons (D:12)
  16 orc zombies (D:12)
  5 rats
  A spectral orc (D:2)
625 creatures vanquished.

Vanquished Creatures (collateral kills)
  2 black bears (Lair:2)
  An orc wizard (D:6)
  2 gnolls (D:5)
  2 orcs
7 creatures vanquished.

Vanquished Creatures (others)
  A polar bear (IceCv)
  3 yaks (IceCv)
  12 fungi
  9 plants
25 creatures vanquished.

Grand Total: 657 creatures vanquished

Notes
Turn   | Place    | Note
-------+----------+-------------------------------------------
     0 | D:1      | Birvald the Gargoyle Earth Elementalist began the quest for
                  | the Orb.
     0 | D:1      | Reached XP level 1. HP: 10/10 MP: 3/3
   203 | D:1      | Reached XP level 2. HP: 15/15 MP: 0/5
   209 | D:1      | Reached skill level 4 in Earth Magic
   550 | D:1      | Reached XP level 3. HP: 19/19 MP: 6/6
   555 | D:1      | Learned a level 3 spell: Stone Arrow
  1227 | D:2      | Reached skill level 1 in Conjurations
  1375 | D:2      | Reached XP level 4. HP: 24/24 MP: 8/8
  1635 | D:2      | Found a basalt altar of Yredelemnul.
  2532 | D:3      | Reached skill level 5 in Earth Magic
  2867 | D:4      | Reached XP level 5. HP: 23/28 MP: 9/9
  2874 | D:4      | Learned a level 5 spell: Lee's Rapid Deconstruction
  2953 | D:4      | Reached XP level 6. HP: 26/32 MP: 3/11
  3547 | D:4      | Reached skill level 6 in Earth Magic
  3896 | D:5      | Entered Level 5 of the Dungeon
  3930 | D:5      | Reached XP level 7. HP: 8/36 MP: 0/13
  4428 | D:5      | Found a staircase to the Ecumenical Temple.
  4458 | Temple   | Entered the Ecumenical Temple
  4504 | Temple   | Became a worshipper of Vehumet
  4534 | D:5      | Found a glowing silver altar of Zin.
  4577 | D:5      | Found a stormy altar of Qazlal.
  4578 | D:5      | Noticed an air elemental
  4579 | D:5      | Noticed a fire elemental
  4580 | D:5      | Noticed a water elemental
  4793 | D:5      | Found an opulent altar of Gozag.
  4793 | D:5      | Found an iron altar of Okawaru.
  4794 | D:5      | Found a white marble altar of Elyvilon.
  5302 | D:5      | Reached skill level 7 in Earth Magic
  5343 | D:5      | Found a shadowy altar of Dithmenos.
  5345 | D:5      | Found a hide-covered altar of Uskayaw.
  5350 | D:5      | Learned a level 2 spell: Passwall
  5477 | D:6      | Reached skill level 1 in Armour
  5477 | D:6      | Reached XP level 8. HP: 34/42 MP: 12/15
  5478 | D:6      | Reached skill level 1 in Maces & Flails
  5480 | D:6      | Reached skill level 1 in Fighting
  5480 | D:6      | Reached skill level 5 in Spellcasting
  5668 | D:6      | Reached skill level 1 in Evocations
  5671 | D:6      | Reached skill level 5 in Conjurations
  5822 | D:6      | Reached * piety under Vehumet
  5822 | D:6      | Offered knowledge of Foxfire by Vehumet.
  6144 | D:6      | Noticed Efficiency's ghost (weakling DDDe)
  6145 | D:6      | Identified the +5 flail of Padwaxta {speed, +Fly SInv
                  | Stlth+}
  6147 | D:6      | Found a runed translucent gate.
  6147 | D:6      | Found a runed translucent gate.
  6147 | D:6      | Found a runed translucent gate.
  6160 | D:6      | Found a roughly hewn altar of Beogh.
  6304 | D:6      | Found an ancient bone altar of Kikubaaqudgha.
  6735 | D:7      | Reached XP level 9. HP: 42/49 MP: 15/17
  6736 | D:7      | Reached ** piety under Vehumet
  6737 | D:7      | Offered knowledge of Shock by Vehumet.
  7262 | D:7      | Noticed a two-headed ogre
  7265 | D:7      | Killed a two-headed ogre
  7265 | D:7      | Reached skill level 8 in Earth Magic
  7265 | D:7      | Noticed a kobold demonologist
  7275 | D:7      | Noticed an orange demon
  7290 | D:7      | Killed a kobold demonologist
  7290 | D:7      | Reached XP level 10. HP: 56/56 MP: 0/19
  7631 | D:7      | Found an ornate altar of the Wu Jian Council.
  8145 | D:8      | Offered knowledge of Conjure Flame by Vehumet.
  8261 | D:8      | Noticed Psyche
  8266 | D:8      | Killed Psyche
  8584 | D:8      | Reached *** piety under Vehumet
  8683 | D:9      | Noticed a purple ugly thing
  8688 | D:9      | Killed a purple ugly thing
  8688 | D:9      | Reached skill level 5 in Armour
  8731 | D:8      | Reached skill level 9 in Earth Magic
  8941 | D:9      | Reached skill level 5 in Fighting
  8941 | D:9      | Offered knowledge of Inner Flame by Vehumet.
  8941 | D:9      | Reached skill level 5 in Maces & Flails
  8958 | D:9      | Reached XP level 11. HP: 64/64 MP: 19/21
  9009 | D:9      | Found a shimmering altar of Xom.
  9024 | D:9      | You fall into a shaft and drop 1 floor!
  9024 | D:10     | Entered Level 10 of the Dungeon
  9091 | D:10     | Reached **** piety under Vehumet
  9205 | D:10     | Noticed a death yak
  9205 | D:10     | Noticed a death yak
  9205 | D:10     | Noticed a death yak
  9206 | D:10     | Noticed a death yak
  9207 | D:10     | Noticed a death yak
  9556 | D:9      | Killed a death yak
  9646 | D:10     | Offered knowledge of Bolt of Magma by Vehumet.
  9662 | D:9      | Learned a level 5 spell: Bolt of Magma
  9866 | D:10     | Killed an unseen horror
 10087 | D:10     | Noticed Fannar
 10092 | D:10     | Killed Fannar
 10231 | D:10     | Killed a death yak
 10231 | D:10     | Reached skill level 5 in Dodging
 10231 | D:10     | Reached skill level 5 in Evocations
 10231 | D:10     | Killed a death yak
 10231 | D:10     | Killed a death yak
 10233 | D:10     | Killed a death yak
 10233 | D:10     | Reached skill level 10 in Earth Magic
 10505 | D:10     | Killed an unseen horror
 10505 | D:10     | Reached XP level 12. HP: 29/71 MP: 2/23
 10876 | D:10     | Found a staircase to the Lair.
 11107 | D:11     | Found a frozen archway.
 11127 | IceCv    | Entered an ice cave
 11648 | IceCv    | Learned a level 6 spell: Iron Shot
 12321 | IceCv    | Reached ***** piety under Vehumet
 12325 | IceCv    | Offered knowledge of Yara's Violent Unravelling by Vehumet.
 12588 | IceCv    | Noticed a frost giant
 12588 | IceCv    | Noticed a death yak
 12600 | IceCv    | Killed a death yak
 12608 | IceCv    | Killed a frost giant
 12608 | IceCv    | Reached skill level 11 in Earth Magic
 12608 | IceCv    | Reached XP level 13. HP: 23/78 MP: 15/25
 13418 | D:11     | Noticed Maurice
 13435 | D:11     | Killed Maurice
 14280 | D:11     | Gained mutation: You passively map a small area around you.
                  | [potion of mutation]
 14280 | D:11     | Gained mutation: You have a pair of small horns on your
                  | head. [potion of mutation]
 15115 | D:12     | Found a staircase to the Orcish Mines.
 15676 | D:12     | Reached skill level 1 in Fire Magic
 15717 | D:12     | Offered knowledge of Fireball by Vehumet.
 15730 | D:12     | Learned a level 5 spell: Fireball
 16341 | D:12     | Lost mutation: You have a pair of small horns on your head.
                  | [potion of mutation]
 16341 | D:12     | Lost mutation: You passively map a small area around you.
                  | [potion of mutation]
 16341 | D:12     | Gained mutation: You have large cloven feet. [potion of
                  | mutation]
 16341 | D:12     | Gained mutation: You are frail. (-10% HP) [potion of
                  | mutation]
 16341 | D:12     | Gained mutation: You are partially covered in molten
                  | scales. (AC +2) [potion of mutation]
 16725 | D:12     | Reached skill level 10 in Conjurations
 17970 | D:13     | Noticed a vault guard
 17970 | D:13     | Noticed a vault guard
 17972 | D:13     | Noticed a vault guard
 17972 | D:13     | Noticed a vault guard
 17976 | D:13     | Noticed a vault guard
 17988 | D:13     | Noticed a vault guard
 18125 | D:13     | Killed a vault guard
 18126 | D:13     | Killed a vault guard
 18283 | D:13     | Killed a vault guard
 18283 | D:13     | Gained mutation: Your large and strong wings let you fly
                  | indefinitely. [Gargoyle growth]
 18283 | D:13     | Reached XP level 14. HP: 77/77 MP: 8/27
 18538 | D:13     | Offered knowledge of Conjure Ball Lightning by Vehumet.
 18665 | D:13     | Reached skill level 12 in Earth Magic
 18952 | D:13     | Found a gate to the Vaults.
 19764 | D:14     | Noticed Agnes
 19771 | D:14     | Killed Agnes
 20206 | D:14     | Reached skill level 5 in Fire Magic
 21177 | Lair:1   | Entered Level 1 of the Lair of Beasts
 21857 | Lair:1   | Identified Oghitic's Grimoire of Enchanting Transmutation
 22179 | Lair:2   | Found a staircase to the Swamp.
 22255 | Lair:2   | Found a gate leading to a gauntlet.
 22265 | Gauntlet | Entered a Gauntlet
 22265 | Gauntlet | Found a transporter.
 22265 | Gauntlet | Found a transporter.
 22359 | Gauntlet | Found a transporter.
 22363 | Gauntlet | Found a transporter.
 22371 | Gauntlet | Found a transporter.
 22375 | Gauntlet | Found a transporter.
 22383 | Gauntlet | Found a transporter.
 22403 | Gauntlet | Found a transporter.
 22421 | Gauntlet | Found a transporter.
 22425 | Gauntlet | Found a transporter.
 22427 | Gauntlet | Found a runed translucent door.
 22429 | Gauntlet | Found a runed translucent door.
 22433 | Gauntlet | Found a transporter.
 22437 | Gauntlet | Found a transporter.
 22510 | Gauntlet | Identified the ring "Gearhaud" {rN+ rCorr SInv}
 22595 | Gauntlet | Lost mutation: You are frail. (-10% HP) [potion of
                  | mutation]
 22595 | Gauntlet | Lost mutation: You are partially covered in molten scales.
                  | (AC +2) [potion of mutation]
 22595 | Gauntlet | Gained mutation: You have an increased reservoir of magic.
                  | (+10% MP) [potion of mutation]
 22672 | Gauntlet | Got a vibrating tin amulet
 22726 | Gauntlet | Got a smoking silver ring
 22740 | Gauntlet | Identified the amulet "Ifit" {Inacc rElec} (You found it in
                  | a Gauntlet)
 22742 | Gauntlet | Identified the ring "Pezech" {MP+9 Str+3 Int+6} (You found
                  | it in a Gauntlet)
 22879 | Gauntlet | Identified the Disquisition on Unholy Enchantment
 22918 | Gauntlet | Got a twisted troll leather armour
 22929 | Gauntlet | Identified the cursed +0 troll leather armour of
                  | Decompression {Harm rF+ rN+ Regen+ Str+4} (You found it in
                  | a Gauntlet)
 23428 | Lair:2   | Found a hole to the Spider Nest.
 24218 | Lair:3   | Reached XP level 15. HP: 76/92 MP: 31/31
 24435 | Lair:3   | Noticed Sonja
 24442 | Lair:3   | Killed Sonja
 24555 | Lair:3   | Noticed Gastronok
 24561 | Lair:3   | Killed Gastronok
 24561 | Lair:3   | Reached skill level 10 in Fighting
 24909 | Lair:3   | Noticed Snorg
 24912 | Lair:3   | Killed Snorg
 25946 | Lair:4   | Slain by a boulder beetle

Illustrated notes

Levels and vault maps discovered:
D:1:      roderic_chinese_lattice_arrival, layout_basic
D:2:      layout_loops_corners, yredelemnul_forgotten_temple_becter,
          serial_bayou_pond_c
D:3:      layout_basic
D:4:      layout_cave_pools, gup_sewer_entry_spiral
D:5:      layout_basic, zin_treasury, nicolae_qazlal_style_of_elements,
          nicolae_overflow_hidden_temple
D:6:      layout_loops_ring, lemuel_round_altar, biasface_ghost_orc_armoury
D:7:      minmay_the_grid_square_5x5_3x3 [minmay_the_grid_square_5x5_bracketed,
          minmay_the_grid_square_5x5_tie, minmay_the_grid_square_5x5_dogpile,
          minmay_the_grid_square_5x5_two_walls_b,
          minmay_the_grid_square_5x5_megaprize_checkered,
          minmay_the_grid_square_5x5_corner, minmay_the_grid_square_5x5_percent,
          minmay_the_grid_square_5x5_minivault,
          minmay_the_grid_square_5x5_forky], layout_cave_pools,
          kennysheep_little_box
D:8:      layout_rooms, uniq_psyche
D:9:      layout_cave_pools, lemuel_crystal_altar
D:10:     layout_loops_cross, dpeg_lair_monsters, uniq_fannar
D:11:     layout_stronghold, portal_ice_cave_entry_pillars_1, uniq_maurice
D:12:     layout_long_grid, zombieorc2_lemuel, serial_co_window_serial,
          co_window_paths_a, co_window_of_opportunity_a, co_window_corner_a,
          co_window_paths_a, co_window_paths_a, co_window_paths_b,
          co_window_paths_b, co_window_corner_a, co_window_of_opportunity_a,
          co_window_corner_b, co_window_unsneaky_path_a,
          co_window_of_opportunity_b, co_window_broadway_a, co_window_corner_b,
          co_window_2corner, kennysheep_nondescript, hex_medium, eino_jars
D:13:     nicolae_whirlpool, layout_basic, erik_vaults_2,
          chequers_serial_rivers_large_b
D:14:     layout_irregular_city, uniq_agnes
Temple:   pf_slimified_temple
Lair:1:   layout_roguey, grunt_megastairs_3
Lair:2:   layout_roguey, skrybe_swamp_entry_bodies, spider_nest_entry_rubble,
          gauntlet_entry_generic, beast_lair_carwin_11, grunt_megastairs_1
Lair:3:   layout_gridlike, minmay_holes, uniq_gastronok, uniq_sonja, uniq_snorg
Lair:4:   layout_loops_ring, serial_bayou_shore_a, lemuel_fruit_fields,
          grunt_megastairs_2

Skill      XL: |  1  2  3  4  5  6  7  8  9 10 11 12 13 14 15 |
---------------+----------------------------------------------+-----
Earth Magic    | 4 5 6 7 8 9 10 11 12 | 12.7
Conjurations   | 1 2 4 5 6 7 8 9 10 11 | 11.1
Spellcasting   | 3 4 5 6 7 8 9 |  9.8
Armour         | 1 2 4 5 6 |  6.0
Maces & Flails | 2 3 5 6 7 8 9 |  9.6
Fighting       | 2 3 5 6 7 9 10 | 10.1
Evocations     | 2 3 4 5 6 7 |  7.7
Dodging        | 2 3 4 5 6 7 8 |  8.0
Fire Magic     | 3 6 7 |  7.1
Stealth        | |  2.1
Transmutations | |  0.7

Action                   |  1- 3 |  4- 6 |  7- 9 | 10-12 | 13-15 || total
-------------------------+-------+-------+-------+-------+-------++-------
Melee: Dagger            |     7 |       |       |       |       ||     7
       Unarmed           |     6 |       |       |       |       ||     6
       Short sword       |    94 |   213 |   200 |   238 |    25 ||   770
       Staff             |       |       |       |    23 |       ||    23
       Rapier            |       |       |       |    10 |       ||    10
       Flail             |       |       |       |       |   436 ||   436
       Headbutt          |       |       |       |       |    19 ||    19
 Cast: Sandblast         |     9 |    29 |    34 |    55 |    35 ||   162
       Stone Arrow       |       |     3 |     5 |    22 |    25 ||    55
       Passwall          |       |       |     2 |       |       ||     2
       Lee's Rapid Decon |       |       |    13 |    38 |   123 ||   174
       Bolt of Magma     |       |       |       |    42 |    13 ||    55
       Fireball          |       |       |       |       |    30 ||    30
       Iron Shot         |       |       |       |       |    81 ||    81
 Abil: Fly               |       |       |       |       |     1 ||     1
Evoke: Wand              |       |       |     9 |     1 |     2 ||    12
       Tin of tremorston |       |       |       |     2 |     4 ||     6
       Phantom mirror    |       |       |       |       |     1 ||     1
  Use: Scroll            |     2 |     9 |     7 |     9 |    12 ||    39
       Potion            |       |     2 |     1 |    10 |    12 ||    25
 Stab: Sleeping          |     3 |     4 |     3 |     2 |     3 ||    15
       Betrayed ally     |       |       |     1 |       |       ||     1
       Paralysed         |       |       |    18 |       |       ||    18
Armor: Robe              |    31 |    96 |   114 |   238 |   318 ||   797
       Skin              |       |     5 |     6 |       |       ||    11
Dodge: Dodged            |    75 |   180 |   183 |   333 |   446 ||  1217

Table legend: (Time is in decaauts)
 A = Elapsed time spent in this place.
 B = Non-inter-level travel time spent in this place.
 C = Inter-level travel time spent in this place.
 D = Time resting spent in this place.
 E = Time spent auto-exploring this place.
 F = Levels seen in this place.
 G = Mean time per level.
                   A        B        C        D        E       F      G
               +--------+--------+--------+--------+--------+-----+--------+
         Total |  26112 |  25417 |    695 |   5326 |  14875 |  21 | 1243.4 |
       Dungeon |  19068 |  18465 |    603 |   3650 |  10931 |  14 | 1362.0 |
        Temple |     64 |     46 |     18 |      0 |     38 |   1 |   64.0 |
          Lair |   4069 |   3995 |     74 |    164 |   3243 |   4 | 1017.2 |
      Ice Cave |   2207 |   2207 |      0 |   1347 |    373 |   1 | 2207.0 |
      Gauntlet |    701 |    701 |      0 |    164 |    290 |   1 |  701.0 |
               +--------+--------+--------+--------+--------+-----+--------+

Top non-repeatable levels by time:
    D:13: 2388 daAuts
    D:12: 2323 daAuts
   IceCv: 2207 daAuts
    D:11: 1711 daAuts
     D:5: 1518 daAuts
    D:14: 1513 daAuts
    D:10: 1506 daAuts
  Lair:3: 1408 daAuts
     D:7: 1360 daAuts
     D:1: 1205 daAuts
  Lair:2: 1204 daAuts
     D:6: 1129 daAuts
     D:4: 1072 daAuts
  Lair:1: 991 daAuts
     D:8: 896 daAuts
